[ AOE2 MATCH · #459236473 ]
Team RMVietnamese vs Gurjaras
[ REPLAY ANALYSIS · EXTRACTED FROM THE RECORDED GAME ]
Feudal
11:46
Castle
23:36
Imperial
40:43
| APM avg | 8.7 |
| APM peak | 23 |
| eAPM avg | 7.7 |
| Villagers / military | 78 / 267 |
Focus
⚔️ 29.5% · 🌾 70.5%
Spearman ×227 · Battle Elephant ×38 · Fishing Ship ×12 · Trade Cart ×5 · Unknown (2626) ×3 · Trebuchet (Packed) ×1
Feudal
12:19
Castle
26:05
Imperial
41:10
| APM avg | 39.8 |
| APM peak | 101 |
| eAPM avg | 15.2 |
| Villagers / military | 96 / 156 |
Focus
⚔️ 29.6% · 🌾 70.4%
Kipchak ×78 · Steppe Lancer ×17 · Cavalry Archer ×16 · Scorpion ×16 · Mangonel ×14 · Archer ×9
Feudal
11:45
Castle
26:40
Imperial
45:42
| APM avg | 16.5 |
| APM peak | 80 |
| eAPM avg | 13.0 |
| Villagers / military | 87 / 188 |
Focus
⚔️ 45.6% · 🌾 54.4%
Woad Raider ×60 · Skirmisher ×50 · Knight ×25 · Militia ×19 · Scout Cavalry ×7 · Cavalry Archer ×7
Feudal
11:36
Castle
22:15
Imperial
37:50
| APM avg | 24.3 |
| APM peak | 58 |
| eAPM avg | 11.0 |
| Villagers / military | 77 / 204 |
Focus
⚔️ 48.9% · 🌾 51.1%
Camel Scout ×144 · Scorpion ×44 · Fishing Ship ×14 · Bombard Cannon ×6 · Trade Cog ×4 · Trebuchet (Packed) ×4
Match map
Resources at game start + every placement click. Thick line = wall · dashed box = detected house wall. 🟡 gold · ⚪ stone · 🟢 berries · 🔶 boar · ⭕ relic
Inputs per minute
— zafira22 - - Poffe
Build order — zafira22
First 150 of 293 actions detected
| 0:10 | Build | House |
| 0:12 | Build | House |
| 0:13 | Build | House |
| 0:20 | Create | Villager (Male) |
| 0:21 | Create | Villager (Male) |
| 0:21 | Create | Villager (Male) |
| 0:21 | Create | Villager (Male) |
| 0:21 | Create | Villager (Male) |
| 1:56 | Build | Lumber Camp |
| 2:02 | Create | Villager (Male) |
| 2:10 | Research | Loom |
| 2:50 | Create | Villager (Male) |
| 2:50 | Create | Villager (Male) |
| 2:50 | Create | Villager (Male) |
| 3:50 | Create | Villager (Male) |
| 3:50 | Create | Villager (Male) |
| 3:50 | Create | Villager (Male) |
| 3:51 | Create | Villager (Male) |
| 5:28 | Create | Villager (Male) |
| 5:29 | Create | Villager (Male) |
| 5:29 | Create | Villager (Male) |
| 5:29 | Create | Villager (Male) |
| 6:26 | Build | Mill |
| 6:32 | Create | Villager (Male) |
| 6:32 | Create | Villager (Male) |
| 6:32 | Create | Villager (Male) |
| 7:42 | Build | House |
| 7:44 | Build | House |
| 7:45 | Build | House |
| 9:02 | Build | Dock |
| 9:05 | Build | Dock |
| 9:09 | Build | Dock |
| 9:27 | Build | Mining Camp |
| 9:36 | Research | Feudal Age |
| 10:24 | Create | Fishing Ship |
| 10:24 | Create | Fishing Ship |
| 11:46 | Age | Feudal Age |
| 11:47 | Create | Villager (Male) |
| 11:48 | Create | Villager (Male) |
| 11:48 | Create | Villager (Male) |
| 11:52 | Research | Double-Bit Axe |
| 12:13 | Research | Town Watch |
| 12:30 | Build | Barracks |
| 12:41 | Build | Farm |
| 12:42 | Build | Farm |
| 12:44 | Build | Farm |
| 12:46 | Build | Farm |
| 12:50 | Build | Farm |
| 13:20 | Build | Mining Camp |
| 13:29 | Create | Villager (Male) |
| 13:29 | Create | Villager (Male) |
| 13:29 | Create | Villager (Male) |
| 13:39 | Build | Farm |
| 14:15 | Build | Blacksmith |
| 14:33 | Create | Villager (Male) |
| 14:33 | Create | Villager (Male) |
| 14:33 | Create | Villager (Male) |
| 14:49 | Create | Fishing Ship |
| 14:53 | Create | Fishing Ship |
| 15:05 | Build | Farm |
| 15:08 | Research | Horse Collar |
| 15:28 | Build | Farm |
| 15:45 | Build | House |
| 15:47 | Build | House |
| 15:48 | Build | House |
| 16:16 | Build | Market |
| 16:32 | Build | Farm |
| 16:51 | Research | Wheelbarrow |
| 17:06 | Research | Scale Barding Armor |
| 17:13 | Create | Fishing Ship |
| 17:14 | Create | Fishing Ship |
| 17:40 | Build | Stable |
| 19:15 | Create | Villager (Male) |
| 19:16 | Create | Villager (Male) |
| 19:16 | Create | Villager (Male) |
| 19:16 | Create | Villager (Male) |
| 19:26 | Build | Farm |
| 19:28 | Build | Farm |
| 20:22 | Build | Lumber Camp |
| 20:56 | Research | Castle Age |
| 21:44 | Create | Spearman |
| 21:44 | Create | Spearman |
| 21:45 | Create | Spearman |
| 21:45 | Create | Spearman |
| 21:45 | Create | Spearman |
| 22:06 | Research | Scale Mail Armor |
| 22:11 | Create | Spearman |
| 22:11 | Create | Spearman |
| 22:12 | Create | Spearman |
| 23:12 | Create | Trade Cart |
| 23:12 | Create | Trade Cart |
| 23:13 | Create | Trade Cart |
| 23:36 | Age | Castle Age |
| 23:45 | Build | Lumber Camp |
| 23:59 | Research | Hand Cart |
| 24:31 | Build | House |
| 24:32 | Build | House |
| 24:33 | Build | House |
| 25:01 | Research | Town Patrol |
| 25:02 | Create | Villager (Male) |
| 25:02 | Create | Villager (Male) |
| 25:03 | Create | Villager (Male) |
| 25:03 | Create | Villager (Male) |
| 25:35 | Build | Dock |
| 26:16 | Create | Villager (Male) |
| 26:16 | Create | Villager (Male) |
| 26:35 | Research | Pikeman (upgrade) |
| 26:37 | Create | Spearman ×4 |
| 26:37 | Create | Spearman ×4 |
| 27:48 | Research | Squires |
| 29:04 | Build | House |
| 29:05 | Build | House |
| 29:06 | Build | House |
| 29:06 | Build | House |
| 29:14 | Create | Villager (Male) |
| 29:15 | Create | Villager (Male) |
| 29:15 | Create | Villager (Male) |
| 29:48 | Build | Town Center |
| 30:25 | Create | Unit 2626 |
| 30:25 | Create | Unit 2626 |
| 30:26 | Create | Unit 2626 |
| 30:39 | Research | War Galley (upgrade) |
| 31:06 | Build | Farm |
| 31:07 | Build | Farm |
| 31:10 | Build | Farm |
| 31:11 | Build | Farm |
| 32:02 | Build | Castle |
| 32:28 | Build | Castle |
| 34:39 | Create | Battle Elephant ×5 |
| 35:17 | Create | Villager (Male) |
| 35:17 | Create | Villager (Male) |
| 35:18 | Create | Villager (Male) |
| 35:39 | Research | Chain Barding Armor |
| 35:40 | Research | Padded Archer Armor |
| 36:15 | Research | Stone Mining |
| 36:17 | Research | Gold Mining |
| 37:33 | Research | Imperial Age |
| 37:41 | Create | Villager (Male) |
| 37:42 | Create | Villager (Male) |
| 37:42 | Create | Villager (Male) |
| 38:00 | Create | Fishing Ship |
| 38:00 | Create | Fishing Ship |
| 38:44 | Create | Spearman ×5 |
| 38:45 | Create | Spearman ×5 |
| 38:45 | Create | Spearman ×5 |
| 38:59 | Research | Heavy Plow |
| 39:15 | Build | Mining Camp |
| 39:52 | Create | Spearman ×5 |
| 39:53 | Create | Spearman ×2 |
| 39:53 | Create | Spearman ×2 |
Build order — Poffe
First 150 of 369 actions detected
| 0:03 | Build | House |
| 0:04 | Build | House |
| 0:05 | Create | Villager (Male) |
| 0:05 | Create | Villager (Male) |
| 0:05 | Create | Villager (Male) |
| 0:06 | Create | Villager (Male) |
| 0:06 | Create | Villager (Male) |
| 0:21 | Build | House |
| 1:46 | Create | Villager (Male) |
| 2:21 | Create | Villager (Male) |
| 2:21 | Create | Villager (Male) |
| 2:21 | Create | Villager (Male) |
| 3:05 | Build | Lumber Camp |
| 3:14 | Build | Lumber Camp |
| 3:16 | Create | Villager (Male) |
| 3:16 | Create | Villager (Male) |
| 3:42 | Create | Villager (Male) |
| 3:42 | Create | Villager (Male) |
| 4:20 | Create | Villager (Male) |
| 4:38 | Create | Villager (Male) |
| 4:38 | Create | Villager (Male) |
| 4:38 | Create | Villager (Male) |
| 5:42 | Create | Villager (Male) |
| 5:42 | Create | Villager (Male) |
| 6:22 | Create | Villager (Male) |
| 6:22 | Create | Villager (Male) |
| 6:23 | Create | Villager (Male) |
| 6:34 | Create | Villager (Male) |
| 6:34 | Create | Villager (Male) |
| 6:38 | Build | House |
| 7:20 | Create | Villager (Male) |
| 7:20 | Create | Villager (Male) |
| 7:39 | Build | Mill |
| 7:57 | Create | Villager (Male) |
| 7:58 | Create | Villager (Male) |
| 8:20 | Research | Loom |
| 8:48 | Build | Farm |
| 8:59 | Build | Farm |
| 9:05 | Build | Farm |
| 9:21 | Create | Villager (Male) |
| 9:30 | Build | Farm |
| 9:33 | Build | Farm |
| 9:35 | Build | Farm |
| 9:37 | Build | Farm |
| 10:09 | Research | Feudal Age |
| 10:21 | Build | Barracks |
| 10:36 | Build | Mining Camp |
| 10:59 | Build | House |
| 11:29 | Create | Villager (Male) |
| 11:30 | Create | Villager (Male) |
| 12:19 | Age | Feudal Age |
| 12:23 | Build | Town Center |
| 12:31 | Build | House |
| 12:35 | Build | House |
| 12:48 | Build | Palisade Wall |
| 12:55 | Research | Town Watch |
| 12:59 | Build | Lumber Camp |
| 13:58 | Create | Villager (Male) |
| 13:58 | Create | Villager (Male) |
| 13:58 | Create | Villager (Male) |
| 13:59 | Create | Villager (Male) |
| 14:00 | Create | Villager (Male) |
| 14:08 | Build | Archery Range |
| 14:25 | Build | Blacksmith |
| 14:28 | Build | House |
| 14:36 | Create | Villager (Male) |
| 14:54 | Create | Villager (Male) |
| 15:18 | Create | Villager (Male) |
| 15:19 | Create | Villager (Male) |
| 15:24 | Create | Archer |
| 15:24 | Create | Archer |
| 15:25 | Create | Archer |
| 15:33 | Create | Villager (Male) |
| 15:35 | Create | Villager (Male) |
| 15:39 | Research | Wheelbarrow |
| 15:42 | Create | Villager (Male) |
| 16:11 | Create | Villager (Male) |
| 16:11 | Create | Villager (Male) |
| 16:19 | Create | Villager (Male) |
| 16:28 | Build | Farm |
| 16:34 | Build | Market |
| 17:05 | Create | Villager (Male) |
| 17:11 | Build | Farm |
| 17:11 | Build | Farm |
| 17:12 | Build | Farm |
| 17:13 | Build | Farm |
| 17:18 | Build | Farm |
| 17:21 | Create | Villager (Male) |
| 17:26 | Create | Archer |
| 17:27 | Create | Archer |
| 17:27 | Create | Archer |
| 17:35 | Build | House |
| 17:37 | Build | House |
| 17:56 | Build | Lumber Camp |
| 18:20 | Create | Spearman |
| 18:48 | Build | House |
| 18:56 | Create | Villager (Male) |
| 18:56 | Create | Villager (Male) |
| 18:58 | Create | Villager (Male) |
| 19:26 | Create | Archer |
| 19:27 | Create | Archer |
| 19:45 | Create | Villager (Male) |
| 19:45 | Create | Villager (Male) |
| 19:46 | Create | Villager (Male) |
| 19:46 | Create | Villager (Male) |
| 20:00 | Build | House |
| 20:00 | Build | House |
| 20:01 | Build | House |
| 20:01 | Build | House |
| 20:01 | Build | House |
| 20:07 | Research | Fletching |
| 20:38 | Create | Villager (Male) |
| 20:38 | Create | Villager (Male) |
| 20:48 | Build | Farm |
| 21:03 | Create | Villager (Male) |
| 21:03 | Create | Villager (Male) |
| 21:04 | Create | Villager (Male) |
| 21:04 | Create | Villager (Male) |
| 21:06 | Build | House |
| 21:06 | Build | House |
| 21:07 | Build | House |
| 21:07 | Build | House |
| 21:11 | Build | House |
| 21:12 | Build | House |
| 21:12 | Build | House |
| 22:39 | Create | Spearman |
| 22:39 | Create | Spearman |
| 22:40 | Create | Spearman |
| 23:25 | Research | Castle Age |
| 23:25 | Research | Castle Age |
| 23:49 | Build | Farm |
| 23:49 | Build | Farm |
| 23:49 | Build | Farm |
| 23:49 | Build | Farm |
| 23:50 | Build | Farm |
| 23:50 | Build | Farm |
| 23:50 | Build | Farm |
| 23:51 | Build | Farm |
| 24:09 | Create | Villager (Male) |
| 24:10 | Create | Villager (Male) |
| 24:20 | Build | House |
| 24:20 | Build | House |
| 24:20 | Build | House |
| 24:25 | Research | Double-Bit Axe |
| 24:29 | Research | Horse Collar |
| 24:34 | Build | Farm |
| 24:36 | Build | Farm |
| 24:36 | Build | Farm |
| 24:37 | Build | Farm |
| 24:37 | Build | Farm |
Build order — max
First 150 of 473 actions detected
| 0:02 | Create | Villager (Male) |
| 0:02 | Create | Villager (Male) |
| 0:05 | Build | House |
| 0:08 | Build | House |
| 0:11 | Create | Villager (Male) |
| 0:12 | Create | Villager (Male) |
| 1:34 | Create | Villager (Male) |
| 2:02 | Research | Loom |
| 2:22 | Create | Villager (Male) |
| 2:38 | Create | Villager (Male) |
| 2:57 | Create | Villager (Male) |
| 3:11 | Create | Villager (Male) |
| 3:29 | Build | House |
| 3:54 | Create | Villager (Male) |
| 4:06 | Build | House |
| 5:14 | Build | Palisade Wall |
| 5:20 | Create | Villager (Male) |
| 5:20 | Create | Villager (Male) |
| 5:38 | Build | House |
| 5:51 | Build | Lumber Camp |
| 5:57 | Create | Villager (Male) |
| 5:58 | Create | Villager (Male) |
| 5:58 | Create | Villager (Male) |
| 7:10 | Create | Villager (Male) |
| 7:34 | Create | Villager (Male) |
| 8:02 | Create | Villager (Male) |
| 8:40 | Create | Villager (Male) |
| 8:58 | Build | Mill |
| 8:59 | Create | Villager (Male) |
| 9:35 | Research | Feudal Age |
| 9:41 | Build | Dock |
| 10:13 | Build | House |
| 10:23 | Create | Fishing Ship |
| 11:00 | Build | Barracks |
| 11:11 | Create | Villager (Male) |
| 11:45 | Age | Feudal Age |
| 11:50 | Create | Villager (Male) |
| 11:59 | Create | Militia |
| 12:05 | Research | Horse Collar |
| 12:07 | Research | Double-Bit Axe |
| 12:16 | Build | Stable |
| 12:21 | Build | Building 487 |
| 12:27 | Create | Villager (Male) |
| 12:28 | Create | Villager (Male) |
| 12:43 | Build | Mining Camp |
| 13:21 | Create | Spearman |
| 13:35 | Build | Mill |
| 13:45 | Create | Villager (Male) |
| 13:46 | Create | Villager (Male) |
| 14:22 | Create | Villager (Male) |
| 14:32 | Build | Lumber Camp |
| 14:40 | Build | Farm |
| 14:42 | Create | Villager (Male) |
| 14:48 | Research | Man-at-Arms (upgrade) |
| 14:49 | Create | Militia |
| 14:49 | Create | Spearman |
| 15:28 | Build | Farm |
| 15:31 | Build | Farm |
| 15:33 | Create | Villager (Male) |
| 15:33 | Create | Villager (Male) |
| 16:01 | Create | Villager (Male) |
| 16:05 | Build | House |
| 16:06 | Build | House |
| 16:21 | Create | Militia |
| 16:25 | Build | Farm |
| 16:27 | Build | Farm |
| 16:29 | Build | Farm |
| 16:32 | Build | Farm |
| 16:42 | Build | House |
| 16:43 | Build | House |
| 16:55 | Build | Farm |
| 17:08 | Create | Scout Cavalry |
| 17:16 | Create | Militia |
| 17:50 | Create | Fishing Ship |
| 17:58 | Create | Scout Cavalry |
| 18:06 | Build | Watch Tower |
| 18:15 | Build | Dock |
| 18:52 | Build | Lumber Camp |
| 19:13 | Create | Villager (Male) |
| 19:14 | Create | Villager (Male) |
| 19:23 | Create | Fire Galley |
| 19:27 | Create | Fire Galley |
| 19:32 | Build | Mill |
| 19:50 | Build | Blacksmith |
| 20:01 | Build | Mill |
| 20:15 | Create | Scout Cavalry |
| 20:32 | Create | Militia |
| 20:32 | Create | Militia |
| 20:49 | Build | Archery Range |
| 20:58 | Create | Militia |
| 21:04 | Create | Scout Cavalry |
| 21:04 | Create | Scout Cavalry |
| 21:13 | Create | Skirmisher |
| 21:13 | Create | Skirmisher |
| 21:13 | Create | Skirmisher |
| 21:14 | Create | Skirmisher |
| 22:06 | Build | Mining Camp |
| 22:26 | Build | Market |
| 22:30 | Create | Scout Cavalry |
| 22:50 | Create | Villager (Male) |
| 23:42 | Build | Barracks |
| 23:52 | Build | Farm |
| 24:00 | Research | Castle Age |
| 24:04 | Create | Skirmisher |
| 24:04 | Create | Skirmisher |
| 24:05 | Create | Skirmisher |
| 24:05 | Create | Skirmisher |
| 24:28 | Create | Militia |
| 24:29 | Create | Militia |
| 24:34 | Research | Scale Mail Armor |
| 24:43 | Create | Militia |
| 24:57 | Build | Palisade Wall |
| 25:03 | Build | House |
| 25:04 | Build | House |
| 25:53 | Create | Trade Cog |
| 26:28 | Create | Villager (Male) |
| 26:33 | Research | Stone Mining |
| 26:36 | Research | Gold Mining |
| 26:40 | Age | Castle Age |
| 26:54 | Create | Trade Cart |
| 27:14 | Build | Siege Workshop |
| 27:17 | Research | Elite Skirmisher (upgrade) |
| 27:37 | Build | Farm |
| 27:41 | Research | Heavy Plow |
| 27:44 | Research | Bow Saw |
| 28:03 | Build | Town Center |
| 28:04 | Create | Villager (Male) |
| 28:05 | Create | Villager (Male) |
| 28:05 | Create | Villager (Male) |
| 28:17 | Build | Farm |
| 28:17 | Build | Farm |
| 28:48 | Build | Farm |
| 28:57 | Create | Villager (Male) |
| 28:58 | Create | Villager (Male) |
| 29:00 | Create | Villager (Male) |
| 29:29 | Create | Villager (Male) |
| 29:31 | Create | Villager (Male) |
| 29:35 | Create | Battering Ram |
| 30:03 | Research | Fletching |
| 30:14 | Create | Mangonel |
| 30:22 | Build | House |
| 30:22 | Build | House |
| 30:29 | Build | Castle |
| 30:55 | Research | Long Swordsman (upgrade) |
| 30:58 | Research | Gambesons |
| 31:02 | Research | Forging |
| 31:12 | Build | Mining Camp |
| 31:14 | Create | Villager (Male) |
| 31:14 | Create | Villager (Male) |
| 31:16 | Create | Villager (Male) |
Build order — rauni11
First 150 of 422 actions detected
| 0:05 | Build | House |
| 0:06 | Build | House |
| 0:11 | Create | Villager (Male) |
| 0:11 | Create | Villager (Male) |
| 0:12 | Create | Villager (Male) |
| 0:12 | Create | Villager (Male) |
| 1:42 | Create | Villager (Male) |
| 1:43 | Create | Villager (Male) |
| 2:15 | Create | Villager (Male) |
| 2:58 | Create | Villager (Male) |
| 2:58 | Create | Villager (Male) |
| 3:27 | Create | Villager (Male) |
| 3:53 | Create | Villager (Male) |
| 4:05 | Build | Lumber Camp |
| 4:16 | Build | Lumber Camp |
| 4:33 | Create | Villager (Male) |
| 4:34 | Create | Villager (Male) |
| 4:34 | Create | Villager (Male) |
| 4:35 | Create | Villager (Male) |
| 4:35 | Create | Villager (Male) |
| 5:30 | Build | House |
| 5:40 | Research | Loom |
| 5:40 | Create | Villager (Male) |
| 5:40 | Create | Villager (Male) |
| 6:14 | Build | House |
| 6:59 | Build | House |
| 7:06 | Create | Villager (Male) |
| 7:06 | Create | Villager (Male) |
| 7:06 | Create | Villager (Male) |
| 7:07 | Create | Villager (Male) |
| 7:09 | Create | Villager (Male) |
| 7:10 | Create | Villager (Male) |
| 8:15 | Build | Dock |
| 8:26 | Create | Villager (Male) |
| 9:26 | Research | Feudal Age |
| 9:32 | Create | Fishing Ship |
| 9:33 | Create | Fishing Ship |
| 9:51 | Build | Lumber Camp |
| 10:40 | Build | Mining Camp |
| 11:03 | Create | Fishing Ship |
| 11:36 | Age | Feudal Age |
| 11:39 | Create | Villager (Male) |
| 11:39 | Create | Villager (Male) |
| 11:49 | Create | Fishing Ship |
| 12:05 | Build | Watch Tower |
| 12:21 | Build | Watch Tower |
| 12:32 | Build | House |
| 12:34 | Build | House |
| 12:35 | Create | Villager (Male) |
| 12:36 | Create | Villager (Male) |
| 12:36 | Create | Villager (Male) |
| 12:36 | Create | Villager (Male) |
| 13:07 | Build | House |
| 13:26 | Build | Dock |
| 13:37 | Build | Blacksmith |
| 13:40 | Create | Villager (Male) |
| 14:00 | Research | Double-Bit Axe |
| 14:19 | Build | Mining Camp |
| 14:33 | Build | Barracks |
| 14:50 | Build | House |
| 15:04 | Build | Mill |
| 15:06 | Create | Villager (Male) |
| 15:07 | Create | Villager (Male) |
| 15:16 | Create | Fishing Ship |
| 16:20 | Create | Villager (Male) |
| 16:28 | Build | Stable |
| 16:42 | Build | House |
| 16:43 | Build | House |
| 16:46 | Create | Fishing Ship |
| 16:47 | Create | Fishing Ship |
| 16:52 | Create | Fishing Ship |
| 16:57 | Create | Villager (Male) |
| 16:58 | Create | Villager (Male) |
| 17:04 | Build | Mining Camp |
| 17:45 | Create | Villager (Male) |
| 17:58 | Create | Fishing Ship |
| 18:08 | Build | Dock |
| 18:28 | Build | Stable |
| 18:31 | Research | Horse Collar |
| 18:58 | Create | Scout Cavalry |
| 19:35 | Research | Castle Age |
| 19:47 | Build | Market |
| 20:03 | Build | House |
| 20:04 | Build | House |
| 20:07 | Create | Camel Scout |
| 20:07 | Create | Camel Scout |
| 20:08 | Create | Camel Scout |
| 20:08 | Create | Camel Scout |
| 20:55 | Create | Camel Scout |
| 20:55 | Create | Camel Scout |
| 20:56 | Create | Camel Scout |
| 21:27 | Research | Scale Barding Armor |
| 21:55 | Build | House |
| 21:56 | Build | House |
| 21:57 | Build | House |
| 22:01 | Create | Fishing Ship |
| 22:01 | Create | Fishing Ship |
| 22:02 | Create | Fishing Ship |
| 22:08 | Create | Fishing Ship |
| 22:08 | Create | Fishing Ship |
| 22:12 | Create | Villager (Male) |
| 22:12 | Create | Villager (Male) |
| 22:15 | Age | Castle Age |
| 22:55 | Research | Chain Barding Armor |
| 23:12 | Research | Bloodlines |
| 23:13 | Create | Camel Scout |
| 23:14 | Create | Camel Scout |
| 23:26 | Build | Siege Workshop |
| 23:27 | Create | Villager (Male) |
| 23:28 | Create | Villager (Male) |
| 23:37 | Build | Castle |
| 24:04 | Create | Villager (Male) |
| 24:04 | Create | Villager (Male) |
| 24:07 | Build | House |
| 24:08 | Build | House |
| 24:10 | Create | Villager (Male) |
| 24:16 | Build | Town Center |
| 24:28 | Research | Husbandry |
| 24:28 | Create | Camel Scout |
| 24:29 | Create | Camel Scout |
| 26:17 | Research | Forging |
| 26:35 | Build | Farm |
| 26:36 | Build | Farm |
| 26:39 | Build | Farm |
| 26:40 | Research | Heavy Plow |
| 26:43 | Build | Farm |
| 26:44 | Create | Villager (Male) |
| 26:44 | Create | Villager (Male) |
| 26:44 | Create | Villager (Male) |
| 26:45 | Create | Villager (Male) |
| 26:45 | Create | Villager (Male) |
| 26:45 | Create | Villager (Male) |
| 28:04 | Create | Mangonel |
| 28:05 | Create | Armored Elephant |
| 28:32 | Create | Camel Scout |
| 28:33 | Create | Camel Scout |
| 28:33 | Create | Camel Scout |
| 28:33 | Create | Camel Scout |
| 28:42 | Build | Farm |
| 28:45 | Build | Farm |
| 28:46 | Build | Farm |
| 28:48 | Build | Farm |
| 28:51 | Build | Farm |
| 28:53 | Build | Farm |
| 28:55 | Build | Farm |
| 29:14 | Create | Camel Scout |
| 29:14 | Create | Camel Scout |
| 29:15 | Create | Camel Scout |
| 29:50 | Create | Mangonel |
| 29:54 | Create | Camel Scout |
Match timeline
| 5:14 | max · wall_segment Palisade Wall x13 |
| 8:15 | rauni11 · first_building Dock |
| 9:02 | zafira22 · first_building Dock |
| 9:41 | max · first_building Dock |
| 10:21 | Poffe · first_building Barracks |
| 11:00 | max · first_building Barracks |
| 11:36 | rauni11 · age_up feudal |
| 11:45 | max · age_up feudal |
| 11:46 | zafira22 · age_up feudal |
| 12:16 | max · first_building Stable |
| 12:19 | Poffe · age_up feudal |
| 12:30 | zafira22 · first_building Barracks |
| 12:48 | Poffe · wall_segment Palisade Wall x3 |
| 14:08 | Poffe · first_building Archery Range |
| 14:33 | rauni11 · first_building Barracks |
| 16:28 | rauni11 · first_building Stable |
| 17:40 | zafira22 · first_building Stable |
| 20:49 | max · first_building Archery Range |
| 22:15 | rauni11 · age_up castle |
| 23:23 | Poffe · first_market_buy 100 food |
| 23:26 | rauni11 · first_building Siege Workshop |
| 23:36 | zafira22 · age_up castle |
| 23:37 | rauni11 · first_building Castle |
| 24:57 | max · wall_segment Palisade Wall x15 |
| 26:05 | Poffe · age_up castle |
| 26:22 | Poffe · first_building Stable |
| 26:40 | max · age_up castle |
| 27:14 | max · first_building Siege Workshop |
| 30:00 | zafira22 · tribute_sent a jugador 1 |
| 30:00 | zafira22 · tribute_sent a jugador 2 |
| 30:00 | zafira22 · tribute_sent a jugador 4 |
| 30:29 | max · first_building Castle |
| 32:02 | zafira22 · first_building Castle |
| 32:15 | Poffe · first_building Siege Workshop |
| 35:11 | max · first_building Monastery |
| 36:54 | rauni11 · first_building Monastery |
| 37:23 | zafira22 · first_market_sell 100 wood |
| 37:50 | rauni11 · age_up imperial |
| 39:24 | Poffe · tribute_sent a jugador 2 |
| 39:24 | Poffe · tribute_sent a jugador 3 |
| 39:24 | Poffe · tribute_sent a jugador 4 |
| 39:33 | zafira22 · tribute_sent a jugador 1 |
| 39:33 | zafira22 · tribute_sent a jugador 2 |
| 39:33 | zafira22 · tribute_sent a jugador 4 |
| 39:39 | Poffe · tribute_sent a jugador 2 |
| 39:39 | Poffe · tribute_sent a jugador 3 |
| 39:39 | Poffe · tribute_sent a jugador 4 |
| 40:43 | zafira22 · age_up imperial |
| 41:10 | Poffe · age_up imperial |
| 43:15 | zafira22 · tribute_sent a jugador 1 |
| 43:15 | zafira22 · tribute_sent a jugador 2 |
| 43:15 | zafira22 · tribute_sent a jugador 4 |
| 43:19 | Poffe · first_building Castle |
| 45:42 | max · age_up imperial |
| 59:06 | Poffe · tribute_sent a jugador 2 |
| 59:06 | Poffe · tribute_sent a jugador 3 |
| 59:06 | Poffe · tribute_sent a jugador 4 |
| 60:07 | Poffe · tribute_sent a jugador 2 |
| 60:07 | Poffe · tribute_sent a jugador 3 |
| 60:07 | Poffe · tribute_sent a jugador 4 |
| 65:46 | zafira22 · tribute_sent a jugador 1 |
| 65:46 | zafira22 · tribute_sent a jugador 2 |
| 65:46 | zafira22 · tribute_sent a jugador 4 |
| 66:06 | zafira22 · resign |
[ AI ANALYSIS · 1 CREDIT ]
What really happened in this match?
Wolo.gg analyzes every decision: build order, eco, micro, common mistakes by bracket. Personalized analysis on WhatsApp or Discord in 30 seconds.
Civ guide
Vietnamese
Map guide
Coastal Forest
Perfil
zafira22